NCAA
ARKANSAS RAZORBACKS @ CREIGHTON BLUE JAYS
05/19/2029
 
TOP OF THE 1ST
Arkansas Razorbacks batting - Pitching for Creighton Blue Jays : RHP Ramón Collazo
Pitching: RHP Ramón Collazo
Batting: SHB Doug Thompson 0-0: Ball
1-0: Foul Ball, location: 2F
1-1: Ball
2-1: Ground out U3 (Groundball, 3L)
Batting: RHB Stuart Mitchell 0-0: Foul Ball, location: 2F
0-1: Swinging Strike
0-2: Ball
1-2: Ball
2-2: Ball
3-2: Foul Ball, location: 2F
3-2: Base on Balls
Batting: RHB Hank Brown 0-0: Foul Ball, location: 2F
0-1: Ball
1-1: DOUBLE (Flyball, 9LD)
Stuart Mitchell to third
Runner from 3rd tries for Home, SAFE, throw made at trailing runner, OUT at third!
Batting: RHB Peter Bannatyne 0-0: Foul Ball, location: 2F
0-1: Foul Ball, location: 2F
0-2: Ball
1-2: Ground out 1-3 (Groundball, 13S)
Top of the 1st over - 1 run, 1 hit, 0 errors, 0 left on base; Arkansas 1 - Creighton 0
BOTTOM OF THE 1ST
Creighton Blue Jays batting - Pitching for Arkansas Razorbacks : RHP Bernard Kilkenny
Pitching: RHP Bernard Kilkenny
Batting: LHB Mike Collier 0-0: Ball
1-0: Foul Ball, location: 2F
1-1: Ground out 6-3 (Groundball, 6)
Batting: RHB Enrico De Jesús 0-0: Foul Ball, location: 2F
0-1: Swinging Strike
0-2: Ball
1-2: Ground out 5-3 (Groundball, 5S)
Batting: SHB Brian Estes 0-0: Ball
1-0: Fly out, F6 (Popup, 15)
Bottom of the 1st over - 0 runs, 0 hits, 0 errors, 0 left on base; Arkansas 1 - Creighton 0
TOP OF THE 2ND
Arkansas Razorbacks batting - Pitching for Creighton Blue Jays : RHP Ramón Collazo
Batting: RHB Miguel Márquez 0-0: Ball
1-0: Ball
2-0: Called Strike
2-1: Foul Ball, location: 2F
2-2: Foul Ball, location: 2F
2-2: Ground out 5-3 (Groundball, 56S)
Batting: LHB Conan Brown 0-0: SINGLE (Groundball, 56D)
Batting: RHB Kyle Younger 0-0: Ball
1-0: Swinging Strike
1-1: Called Strike
1-2: Strikes out swinging
Batting: LHB Edgardo Aguilar 0-0: Fielders Choice at 2nd, U6 (Groundball, 6M)
Top of the 2nd over - 0 runs, 1 hit, 0 errors, 1 left on base; Arkansas 1 - Creighton 0
BOTTOM OF THE 2ND
Creighton Blue Jays batting - Pitching for Arkansas Razorbacks : RHP Bernard Kilkenny
Batting: RHB Carlos Gómez 0-0: Fly out, F7 (Flyball, 7)
Batting: LHB Bernard Lane 0-0: Called Strike
0-1: Foul Ball, location: 2F
0-2: SINGLE (Flyball, 78S)
Batting: LHB Ismael Báez 0-0: Ball
1-0: Ball
2-0: SINGLE (Line Drive, 6D)
Bernard Lane to second
Batting: LHB Miguel Maldonado 0-0: Called Strike
0-1: Ball
1-1: Ball
2-1: Swinging Strike
2-2: Ball
3-2: Base on Balls
Bernard Lane to third
Ismael Báez to second
Batting: RHB Ryan Barnes 0-0: Foul Ball, location: 2F
0-1: Fly out, F9 (Flyball, 9LS)
Batting: LHB Quinton Workman 0-0: Called Strike
0-1: DOUBLE (Line Drive, 7LM)
Bernard Lane scores
Ismael Báez scores
Miguel Maldonado to third
Runner from 3rd tries for Home, SAFE, no throw
Batting: LHB Mike Collier 0-0: Ball
1-0: Called Strike
1-1: Ground out 5-3 (Groundball, 5)
Bottom of the 2nd over - 3 runs, 3 hits, 0 errors, 1 left on base; Arkansas 1 - Creighton 3
TOP OF THE 3RD
Arkansas Razorbacks batting - Pitching for Creighton Blue Jays : RHP Ramón Collazo
Batting: RHB Ken Long 0-0: Ball
1-0: Ground out 4-3 (Groundball, 4)
Batting: SHB Doug Thompson 0-0: Foul Ball, location: 2F
0-1: Ball
1-1: Ball
2-1: Foul Ball, location: 2F
2-2: Ball
3-2: Foul Ball, location: 2F
3-2: Fly out, F8 (Flyball, 8RM)
Batting: RHB Stuart Mitchell 0-0: Ball
1-0: Ball
2-0: Ground out 6-3 (Groundball, 6MD)
Top of the 3rd over - 0 runs, 0 hits, 0 errors, 0 left on base; Arkansas 1 - Creighton 3
BOTTOM OF THE 3RD
Creighton Blue Jays batting - Pitching for Arkansas Razorbacks : RHP Bernard Kilkenny
Batting: RHB Enrico De Jesús 0-0: Swinging Strike
0-1: Fly out, F8 (Flyball, 8LD)
Batting: SHB Brian Estes 0-0: Ball
1-0: Ball
2-0: Ball
3-0: Called Strike
3-1: Base on Balls
Batting: RHB Carlos Gómez 0-0: Ball
1-0: Called Strike
1-1: Foul Ball, location: 2F
1-2: Strikes out swinging
Batting: LHB Bernard Lane 0-0: Called Strike
0-1: Ball
1-1: Ball
2-1: Ball
3-1: Foul Ball, location: 2F
3-2: Foul Ball, location: 2F
3-2: Base on Balls
Brian Estes to second
Batting: LHB Ismael Báez 0-0: Ball
1-0: Fly out, F7 (Flyball, 7S)
Bottom of the 3rd over - 0 runs, 0 hits, 0 errors, 2 left on base; Arkansas 1 - Creighton 3
TOP OF THE 4TH
Arkansas Razorbacks batting - Pitching for Creighton Blue Jays : RHP Ramón Collazo
Batting: RHB Hank Brown 0-0: Ground out 6-3 (Groundball, 6)
Batting: RHB Peter Bannatyne 0-0: Foul Ball, location: 2F
0-1: Ball
1-1: Foul Ball, location: 2F
1-2: Ball
2-2: Strikes out looking
Batting: RHB Miguel Márquez 0-0: Foul Ball, location: 2F
0-1: Foul Ball, location: 2F
0-2: Ball
1-2: Strikes out looking
Top of the 4th over - 0 runs, 0 hits, 0 errors, 0 left on base; Arkansas 1 - Creighton 3
BOTTOM OF THE 4TH
Creighton Blue Jays batting - Pitching for Arkansas Razorbacks : RHP Bernard Kilkenny
Batting: LHB Miguel Maldonado 0-0: Called Strike
0-1: Ball
1-1: SOLO HOME RUN (Line Drive, 9D), Distance : 362 ft
Batting: RHB Ryan Barnes 0-0: Foul Ball, location: 2F
0-1: Ball
1-1: Ground out 6-3 (Groundball, 6)
Batting: LHB Quinton Workman 0-0: Ball
1-0: DOUBLE (Line Drive, 9LM)
Batting: LHB Mike Collier 0-0: Called Strike
0-1: Called Strike
0-2: SINGLE (Line Drive, 56D)
Quinton Workman to third
Batting: RHB Enrico De Jesús 0-0: Ball
1-0: Ball
2-0: Ball
Mike Collier steals 2nd base
3-0: Called Strike
3-1: Called Strike
3-2: Base on Balls
Batting: SHB Brian Estes 0-0: Called Strike
0-1: Ball
1-1: Fly out, F7 (Flyball, 7)
Runner from 3rd tags up, OUT at HOME
Bottom of the 4th over - 1 run, 3 hits, 0 errors, 2 left on base; Arkansas 1 - Creighton 4
TOP OF THE 5TH
Arkansas Razorbacks batting - Pitching for Creighton Blue Jays : RHP Ramón Collazo
Batting: LHB Conan Brown 0-0: Called Strike
0-1: Foul Ball, location: 2F
0-2: Foul Ball, location: 2F
0-2: Ball
1-2: Ball
2-2: Ball
3-2: SINGLE (Flyball, 8LS)
Batting: RHB Kyle Younger 0-0: Fly out, F5 (Line Drive, 56)
Batting: LHB Edgardo Aguilar 0-0: Fly out, F4 (Popup, 4)
Batting: RHB Ken Long 0-0: Called Strike
0-1: Ball
1-1: Fielders Choice at 2nd, 6-4 (Groundball, 6)
Top of the 5th over - 0 runs, 1 hit, 0 errors, 1 left on base; Arkansas 1 - Creighton 4
BOTTOM OF THE 5TH
Creighton Blue Jays batting - Pitching for Arkansas Razorbacks : RHP Bernard Kilkenny
Batting: RHB Carlos Gómez 0-0: Called Strike
0-1: Ground out 1-3 (Groundball, 13S)
Batting: LHB Bernard Lane 0-0: Foul Ball, location: 2F
0-1: Called Strike
0-2: Ball
1-2: Strikes out swinging
Batting: LHB Ismael Báez 0-0: Ball
1-0: Called Strike
1-1: Ground out 6-3 (Groundball, 6)
Bottom of the 5th over - 0 runs, 0 hits, 0 errors, 0 left on base; Arkansas 1 - Creighton 4
TOP OF THE 6TH
Arkansas Razorbacks batting - Pitching for Creighton Blue Jays : RHP Ramón Collazo
Batting: SHB Doug Thompson 0-0: Ball
1-0: Ball
2-0: Called Strike
2-1: Called Strike
2-2: Ground out 1-3 (Groundball, 13)
Batting: RHB Stuart Mitchell 0-0: Ground out U3 (Groundball, 34)
Batting: RHB Hank Brown 0-0: Foul Ball, location: 2F
0-1: Ball
1-1: Ball
2-1: Foul Ball, location: 2F
2-2: Foul Ball, location: 2F
2-2: Ball
3-2: Base on Balls
Batting: RHB Peter Bannatyne 0-0: Called Strike
0-1: Ball
1-1: Foul Ball, location: 2F
1-2: Strikes out swinging
Top of the 6th over - 0 runs, 0 hits, 0 errors, 1 left on base; Arkansas 1 - Creighton 4
BOTTOM OF THE 6TH
Creighton Blue Jays batting - Pitching for Arkansas Razorbacks : RHP Bernard Kilkenny
Batting: LHB Miguel Maldonado 0-0: SINGLE (Groundball, 4MD)
Batting: RHB Ryan Barnes 0-0: Ground out U3 (Groundball, 34S)
Miguel Maldonado to second
Pitching: RHP Ángel Quintana
Batting: LHB Quinton Workman 0-0: Ball
1-0: Foul Ball, location: 2F
1-1: Ball
2-1: Foul Ball, location: 2F
2-2: Strikes out looking
Batting: LHB Mike Collier 0-0: SINGLE (Line Drive, 9S)
Miguel Maldonado to third
Runner from 3rd tries for Home, SAFE, no throw
Batting: RHB Enrico De Jesús 0-0: Called Strike
0-1: Swinging Strike
0-2: Strikes out looking
Bottom of the 6th over - 1 run, 2 hits, 0 errors, 1 left on base; Arkansas 1 - Creighton 5
TOP OF THE 7TH
Arkansas Razorbacks batting - Pitching for Creighton Blue Jays : RHP Ramón Collazo
Pitching: RHP Phillip Greene
Batting: RHB Miguel Márquez 0-0: Ball
1-0: Swinging Strike
1-1: Ground out 4-3 (Groundball, 4)
Batting: LHB Conan Brown 0-0: Ball
1-0: Ball
2-0: Foul Ball, location: 2F
2-1: Called Strike
2-2: Strikes out swinging
Batting: RHB Kyle Younger 0-0: Ball
1-0: Called Strike
1-1: Called Strike
1-2: Ball
2-2: Ground out 1-3 (Groundball, P)
Top of the 7th over - 0 runs, 0 hits, 0 errors, 0 left on base; Arkansas 1 - Creighton 5
BOTTOM OF THE 7TH
Creighton Blue Jays batting - Pitching for Arkansas Razorbacks : RHP Ángel Quintana
Batting: SHB Brian Estes 0-0: Foul Ball, location: 2F
0-1: Swinging Strike
0-2: Ground out 4-3 (Groundball, 34)
Batting: RHB Carlos Gómez 0-0: Called Strike
0-1: Ground out 6-3 (Groundball, 6)
Batting: LHB Bernard Lane 0-0: Swinging Strike
0-1: Ball
1-1: Ball
2-1: Called Strike
2-2: Foul Ball, location: 2F
2-2: Strikes out swinging
Bottom of the 7th over - 0 runs, 0 hits, 0 errors, 0 left on base; Arkansas 1 - Creighton 5
TOP OF THE 8TH
Arkansas Razorbacks batting - Pitching for Creighton Blue Jays : RHP Phillip Greene
Batting: LHB Edgardo Aguilar 0-0: Ball
1-0: Called Strike
1-1: Called Strike
1-2: Strikes out swinging
Batting: RHB Ken Long 0-0: Ball
1-0: Called Strike
1-1: Ball
2-1: Ball
3-1: Swinging Strike
3-2: Strikes out looking
Batting: SHB Doug Thompson 0-0: Ground out 4-3 (Groundball, 34D)
Top of the 8th over - 0 runs, 0 hits, 0 errors, 0 left on base; Arkansas 1 - Creighton 5
BOTTOM OF THE 8TH
Creighton Blue Jays batting - Pitching for Arkansas Razorbacks : RHP Ángel Quintana
Batting: LHB Ismael Báez 0-0: Ball
1-0: Called Strike
1-1: Ball
2-1: Ground out 3-1 (Groundball, 34)
Batting: LHB Miguel Maldonado 0-0: Foul Ball, location: 2F
0-1: Called Strike
0-2: Ball
1-2: Strikes out swinging
Batting: RHB Ryan Barnes 0-0: Foul Ball, location: 2F
0-1: Called Strike
0-2: Ground out U3 (Groundball, 3L)
Bottom of the 8th over - 0 runs, 0 hits, 0 errors, 0 left on base; Arkansas 1 - Creighton 5
TOP OF THE 9TH
Arkansas Razorbacks batting - Pitching for Creighton Blue Jays : RHP Phillip Greene
Batting: RHB Stuart Mitchell 0-0: Ball
1-0: Called Strike
1-1: Ball
2-1: Swinging Strike
2-2: Strikes out swinging
Batting: RHB Hank Brown 0-0: Ball
1-0: Fly out, F8 (Flyball, 8RD)
Batting: RHB Peter Bannatyne 0-0: Swinging Strike
0-1: Foul Ball, location: 2F
0-2: Ball
1-2: Strikes out swinging
Top of the 9th over - 0 runs, 0 hits, 0 errors, 0 left on base; Arkansas 1 - Creighton 5
Saturday, December 16th, 2017 - OOTP Baseball 18.8 Build 76